 Dungeon Crawl Stone Soup version 0.29.1-12-g30fa7ad0bf (webtiles) character file.

Game seed: 18278190108718686676

14 ThatPearl the Stinger (level 2, 16/16 HPs)
             Began as a Gargoyle Venom Mage on Jan 7, 2023.
             Was a Follower of the Shining One.
             Got out of the dungeon alive.
             The game lasted 00:03:00 (1019 turns).

ThatPearl the Stinger (Gargoyle Venom Mage)         Turns: 1019, Time: 00:03:00

Health: 16/16      AC:  4    Str: 11    XL:     2   Next: 45%
Magic:  5/5        EV: 11    Int: 15    God:    the Shining One [*.....]
Gold:   33         SH:  0    Dex: 10    Spells: 4/5 levels left

rFire   . . .      SeeInvis .   d - +0 dagger
rCold   . . .      Faith    .   (no shield)
rNeg    + . .      Spirit   .   a - +0 robe
rPois   ∞          Reflect  .   (no helmet)
rElec   +          Harm     .   (no cloak)
rCorr   .          Rampage  .   (no gloves)
Will    .....                   (no boots)
Stlth   +.........              (no amulet)
HPRegen 0.05/turn               (no ring)
MPRegen 0.09/turn               (no ring)

@: glowing
A: sickness immunity, AC +2, negative energy resistance 1, electricity
resistance, torment resistance 1, petrification resistance
a: Renounce Religion, Divine Shield


You escaped.
You worshipped the Shining One.
The Shining One was aware of your devotion.
You visited 1 branch of the dungeon, and saw 1 of its levels.

You collected 33 gold pieces.

Inventory:

Hand Weapons
 d - a +0 dagger (weapon)
Missiles
 c - 15 stones
Armour
 a - a +0 robe (worn)
Scrolls
 e - a scroll of teleportation {unknown}
 g - a scroll of poison {unknown}
 h - a scroll of identify {unknown}
 i - a scroll of brand weapon {unknown}
Potions
 b - a potion of magic
 f - a potion of heal wounds {unknown}


   Skills:
 + Level 0.9 Fighting
 - Level 1.5 Dodging
 + Level 2.6 Stealth
 + Level 2.2 Spellcasting
 - Level 0.7 Transmutations
 + Level 3.2 Poison Magic


You had 4 spell levels left.
You knew the following spells:

 Your Spells              Type           Power      Damage    Failure   Level
a - Sting                 Tmut/Pois      28%        1d4       10%         1

Your spell library contained the following spells:

 Spells                   Type           Power      Damage    Failure   Level
 Poisonous Vapours        Pois/Air       12%        N/A       17%         2
 Foxfire                  Conj/Fire      4%         2x1d4     22%         1
 Mephitic Cloud           Conj/Pois/Air  4%         N/A       38%         3
 Olgreb's Toxic Radiance  Pois           11%        N/A       50%         4
 Conjure Flame            Conj/Fire      1%         6-21      54%         3
 Inner Flame              Hex/Fire       1%         N/A       54%         3
 Flame Wave               Conj/Fire      1%         2d4       91%         4


Dungeon Overview and Level Annotations

Branches:
Dungeon (1/15)

Altars:
The Shining One


Innate Abilities, Weirdness & Mutations

You are immune to sickness and miasma.
Your stone body is resilient. (AC +2)
You are immune to poison.
You resist negative energy. (rN+)
You are resistant to electric shocks. (rElec)
You are resistant to unholy torment.
You are immune to petrification.


Message History

You see here a quokka corpse.
You see here a +0 whip.
A goblin comes into view. It is wielding a +0 dagger.
The goblin shouts!
Aiming: Sting (safe; 10% risk of failure)
Press: ? - help, Q - select action, (/) - cycle Shift-Dir - straight line, f - goblin
Aim: a goblin, wielding a +0 dagger (60% to hit)
You miscast Sting.
You are very lightly contaminated with residual magic.
Nothing appears to happen.
Aiming: Sting (safe; 10% risk of failure)
Press: ? - help, Q - select action, (/) - cycle Shift-Dir - straight line, f/p - goblin
Aim: a goblin, wielding a +0 dagger (60% to hit)
The sting hits the goblin.
The goblin is poisoned.
The goblin is severely wounded.
The goblin hits you but does no damage.
Aiming: Sting (safe; 10% risk of failure)
Press: ? - help, Q - select action, (/) - cycle Shift-Dir - straight line, f/p - goblin
Aim: a goblin, wielding a +0 dagger (severely wounded, poisoned, 60% to hit)
The sting hits the goblin.
The goblin looks even sicker.
The goblin is almost dead.
The goblin hits you with a +0 dagger.
You kill the goblin!
Things that are here:
a +0 dagger; a goblin corpse Your magical contamination has completely faded away.
Found a faded altar of an unknown god.
There is a faded altar of an unknown god here.
You cannot tell which god this altar belongs to.
Convert to them anyway?
The Shining One accepts your prayer! The Shining One welcomes you!
You and your allies can now gain power from killing the unholy and evil.
You can now call upon the Shining One for a divine shield.
Okay, then.
Save game and exit?
Okay, then.
You see here a +0 whip.
There is a staircase leading out of the dungeon here.
Are you sure you want to leave the Dungeon?
This will make you lose the game!
You have escaped!

.#......##..##
###............
........##.#.##
##.#.##########
#.......##.##.#
#.##...........
#.......##.##.##
##.#############
#..........##..###..#
#.#+##.#.#####..#..##
#.#.##.....# #..#..#
#.#.##.....# ##...##
######## #.#.##.....# #.@.#
#....... #.#........#
##...## #.######
#.###..#######..#..# #.#
............##..#..## #.#
##..#.####.##..###..# #.#
.....># #.##.#####.# #.#
##########.##.#...#.## #.#
.........#.#.##.#.##.## #.#
########.#..###.#..##.####.#


There were no monsters in sight!

Vanquished Creatures
  A ball python (D:1)
  An endoplasm (D:1)
  A goblin (D:1)
  3 hobgoblins (D:1)
  2 kobolds (D:1)
  A quokka (D:1)
  2 bats (D:1)
  2 frilled lizards (D:1)
13 creatures vanquished.

Notes
Turn   | Place    | Note
-------+----------+-------------------------------------------
     0 | D:1      | ThatPearl the Gargoyle Venom Mage began the quest for the
                  | Orb.
     0 | D:1      | Reached XP level 1. HP: 10/10 MP: 3/3
   495 | D:1      | Reached XP level 2. HP: 16/16 MP: 1/5
   962 | D:1      | Found a faded altar of an unknown god.
   970 | D:1      | Prayed at the altar of an unknown god.
   970 | D:1      | Became a worshipper of the Shining One
   970 | D:1      | Reached * piety under the Shining One
  1019 | D:$      | Got out of the dungeon alive.

Illustrated notes

Levels and vault maps discovered:
D:1:      dpeg_arrival_simpleton_a, layout_basic,
          shapermc_ecumenical_altar_mp_highgroup

Action                   || total
-------------------------++-------
Melee: Dagger            ||    12
 Cast: Sting             ||    21
Armor: Robe              ||    14
Dodge: Dodged            ||    17
